 Seeded DCSS version 0.29.1-1-gd02db6906a (webtiles) character file.

Game seed: 1 (custom seed)

46 Kazon the Trooper (level 3, -1/20 HPs)
             Began as a Vine Stalker Fighter on Oct 18, 2022.
             Succumbed to a kobold's poison
             ... on level 2 of the Dungeon.
             The game lasted 00:04:47 (1084 turns).

Kazon the Trooper (Vine Stalker Fighter)            Turns: 1084, Time: 00:04:48

Health: -1/20      AC:  9    Str: 20    XL:     3   Next: 66%
Magic:  4/4        EV:  9    Int:  8    God:
Gold:   167        SH:  4    Dex: 13    Spells: 2/2 levels left

rFire   . . .      SeeInvis .   a - +0 long sword
rCold   . . .      Faith    .   c - +0 buckler
rNeg    . . .      Spirit   +   b - +0 scale mail
rPois   .          Reflect  .   (no helmet)
rElec   .          Harm     .   (no cloak)
rCorr   .          Rampage  .   (no gloves)
Will    .....                   m - +2 pair of boots
Stlth   ..........              f - amulet of the acrobat
HPRegen 0.06/turn               (no ring)
MPRegen 0.09/turn               (no ring)

@: lethally poisoned (-1 -> -8), flying, hasted, very quick
A: fangs 2, magic shield, antimagic bite, no potion heal 2
a: no special abilities


You were on level 2 of the Dungeon.
You visited 1 branch of the dungeon, and saw 2 of its levels.

You collected 167 gold pieces.

Inventory:

Hand Weapons
 a - a +0 long sword (weapon)
Missiles
 j - 17 stones (quivered)
 p - 3 boomerangs
Armour
 b - a +0 scale mail (worn)
 c - a +0 buckler (worn)
 e - the +1 helmet of the Original Sin {Str+4 Int-4 Slay+4}
   (You acquired it on level 1 of the Dungeon)

   Str:       It affects your strength (+4).
   Int:       It affects your intelligence (-4).
   Slay:      It affects your accuracy & damage with ranged weapons and melee
   (+4).
 k - a +0 helmet
 m - a +2 pair of boots (worn)
Jewellery
 f - an amulet of the acrobat (around neck)
Scrolls
 n - a scroll of immolation {unknown}
 o - a scroll of identify {unknown}
Potions
 d - a potion of might
 i - a potion of attraction {unknown}
 l - a potion of berserk rage {unknown}


   Skills:
 * Level 3.1 Fighting
 + Level 2.1 Long Blades
 * Level 0.1 Throwing
 + Level 3.0 Armour
 + Level 3.0 Shields


You had 2 spell levels left.
You didn't know any spells.
Your spell library contained the following spells:

 Spells                   Type           Power      Damage    Failure   Level
 Apportation              Tloc           0%         N/A       86%         1
 Necrotise                Necr           0%         1d4       86%         1
 Summon Small Mammal      Summ           0%         N/A       86%         1


Dungeon Overview and Level Annotations

Branches:
Dungeon (2/15)

Altars:


Innate Abilities, Weirdness & Mutations

You have extremely sharp teeth.
When hurt, damage is shared between your health and your magic reserves.
Your bite disrupts and absorbs the magic of your enemies.
Potions cannot restore your health.


Message History

You hit the goblin.
The goblin is heavily wounded.
The goblin closely misses you.
You closely miss the goblin. You bite the goblin.
You kill the goblin!
You see here a +0 club.
Found a Young Poisoner's Handbook.
You now have 167 gold pieces (gained 13).
A kobold and a hobgoblin come into view.
The kobold is wielding a +2 dagger of venom.
The kobold shouts!
The hobgoblin shouts!
You hit the hobgoblin.
The hobgoblin is almost dead.
The hobgoblin closely misses you.
You hit the hobgoblin.
You kill the hobgoblin!
You barely miss the kobold.
The kobold hits you with a +2 dagger of venom.
You are poisoned.
The kobold hits you but does no damage.
You are lethally poisoned!
You barely miss the kobold.
You feel very sick.
The kobold hits you with a +2 dagger of venom.
You closely miss the kobold.
* * * LOW HITPOINT WARNING * * *
You feel very sick. You block the kobold's attack.
You hit the kobold.
You kill the kobold!
* * * LOW HITPOINT WARNING * * *
You feel very sick.
Unknown command.
It was a potion of flight.
You feel very buoyant.
You fly up into the air.
* * * LOW HITPOINT WARNING * * *
You feel sick.
It was a potion of haste.
You feel yourself speed up.
You die...

########
....)..###########
######).........:#
#.>########@#
#.... #)# ##.###
#.# #.# #.# #[#
#.# #.. #.# #.#
#.# #.#


There were no monsters in sight!

Vanquished Creatures
  An adder (D:2)
  A worm (D:2)
  6 endoplasms
  A giant cockroach (D:1)
  6 goblins
  4 hobgoblins
  3 kobolds
  A quokka (D:1)
  A ball python (D:2)
  2 bats
  2 frilled lizards (D:2)
  3 rats (D:1)
31 creatures vanquished.

Notes
Turn   | Place    | Note
-------+----------+-------------------------------------------
     0 | D:1      | Kazon the Vine Stalker Fighter began the quest for the Orb.
     0 | D:1      | Reached XP level 1. HP: 11/11 MP: 2/2
    36 | D:1      | Identified a scroll of acquirement
    36 | D:1      | Acquired the +1 helmet of the Original Sin {Str+4 Int-4
                  | Slay+4}
   131 | D:1      | Reached XP level 2. HP: 11/16 MP: 3/3
   692 | D:2      | Reached XP level 3. HP: 20/20 MP: 4/4
  1083 | D:2      | HP: 1/20 [poisoned by a kobold]
  1084 | D:2      | Succumbed to a kobold's poison

Illustrated notes

Levels and vault maps discovered:
D:1:      dpeg_arrival_three_smaller_balls, layout_basic
D:2:      layout_loops_ring

Skill      XL: |  1  2  3 |
---------------+----------+-----
Long Blades    | 2 |  2.1
Fighting       | 3 |  3.1
Armour         | 3 |  3.0
Shields        | 3 |  3.0
Throwing       | |  0.1

Action                   || total
-------------------------++-------
Melee: Long sword        ||    70
       Bite              ||     8
  Use: Scroll            ||     1
       Potion            ||     2
Armor: Scale mail        ||    29
Dodge: Dodged            ||    38
Block: Buckler           ||    21
